MLB
BOSTON RED SOX @ NEW YORK (A) YANKEES
02/23/2042
 
TOP OF THE 1ST
Boston Red Sox batting - Pitching for New York (A) Yankees : RHP Ed Carr
Pitching: RHP Ed Carr
Batting: SHB Danny Walker 0-0: Ball
1-0: Ground out 4-3 (Groundball, 4, EV 82.5 MPH)
Batting: RHB José Morales 0-0: Ball
1-0: Called Strike
1-1: Ground out 5-3 (Groundball, 5S, EV 86.3 MPH)
Batting: LHB Derek Orby 0-0: Ball
1-0: Foul Ball, location: 2F
1-1: Ball
2-1: Called Strike
2-2: Fly out, F7 (Flyball, 78M, EV 91.3 MPH)
Top of the 1st over - 0 runs, 0 hits, 0 errors, 0 left on base; Boston 0 - New York (A) 0
BOTTOM OF THE 1ST
New York (A) Yankees batting - Pitching for Boston Red Sox : RHP Shawn Garner
Pitching: RHP Shawn Garner
Batting: LHB Johnny Erwin 0-0: Called Strike
0-1: Swinging Strike
0-2: Ball
1-2: Strikes out looking
Batting: RHB Tony Bórquez 0-0: Ball
1-0: Foul Ball, location: 3F
1-1: Ball
2-1: Foul Ball, location: 2LF
2-2: Foul Ball, location: 3SF
2-2: Foul Ball, location: 3F
2-2: Ball
3-2: DOUBLE (Line Drive, 9LM, EV 105.0 MPH)
Batting: LHB Derek Allen 0-0: Foul Ball, location: 9LMF
0-1: Ball
1-1: Foul Ball, location: 2F
1-2: SINGLE (Line Drive, 34D, EV 95.6 MPH)
Tony Bórquez to third
Batting: LHB Bob Armstrong 0-0: Ball
1-0: Ball
2-0: Swinging Strike
2-1: Fielders Choice at 2nd, 1-6 (Groundball, 34S, EV 68.1 MPH)
Batting: SHB Rodrigo López 0-0: Foul Ball, location: 2F
0-1: Ball
1-1: Fly out, F8 (Flyball, 78D, EV 99.4 MPH)
Bottom of the 1st over - 0 runs, 2 hits, 0 errors, 2 left on base; Boston 0 - New York (A) 0
TOP OF THE 2ND
Boston Red Sox batting - Pitching for New York (A) Yankees : RHP Ed Carr
Batting: RHB António Negrón 0-0: Called Strike
0-1: Ball
1-1: Foul Ball, location: 2F
1-2: Ground out 4-3 (Groundball, 34, EV 97.5 MPH)
Batting: LHB Abel Scott 0-0: DOUBLE (Line Drive, 8LD, EV 96.9 MPH)
Batting: RHB Juan Ávila 0-0: Ball
1-0: Ground out 5-3 (Groundball, 5, EV 108.1 MPH)
Batting: LHB Erwin Broomhead 0-0: Called Strike
0-1: Ball
1-1: Ball
2-1: Called Strike
2-2: Fly out, F8 (Flyball, 8LXD, EV 89.4 MPH)
Top of the 2nd over - 0 runs, 1 hit, 0 errors, 1 left on base; Boston 0 - New York (A) 0
BOTTOM OF THE 2ND
New York (A) Yankees batting - Pitching for Boston Red Sox : RHP Shawn Garner
Batting: RHB Gene Russell 0-0: Ground out 2-3 (Groundball, 2L, EV 68.1 MPH)
Batting: RHB Juan Colón 0-0: Foul Ball, location: 9LSF
0-1: Foul Ball, location: 2F
0-2: Ball
1-2: Fly out, F7 (Line Drive, 7, EV 91.3 MPH)
Batting: RHB Benjamim Futscher 0-0: Ball
1-0: Ground out 3-1 (Groundball, 34S, EV 86.3 MPH)
Bottom of the 2nd over - 0 runs, 0 hits, 0 errors, 0 left on base; Boston 0 - New York (A) 0
TOP OF THE 3RD
Boston Red Sox batting - Pitching for New York (A) Yankees : RHP Ed Carr
Batting: RHB Juan Serrato 0-0: Ball
1-0: Ball
2-0: Called Strike
2-1: Called Strike
2-2: Strikes out swinging
Batting: RHB Eric Taylor 0-0: Ball
1-0: Ground out 6-3 (Groundball, 6MS, EV 81.9 MPH)
Batting: SHB Danny Walker 0-0: Ball
1-0: Ground out U3 (Groundball, 34, EV 100.6 MPH)
Top of the 3rd over - 0 runs, 0 hits, 0 errors, 0 left on base; Boston 0 - New York (A) 0
BOTTOM OF THE 3RD
New York (A) Yankees batting - Pitching for Boston Red Sox : RHP Shawn Garner
Batting: RHB Sandro Ayala 0-0: Fly out, F2 (Popup, 2LF, EV 91.9 MPH)
Batting: LHB Johnny Erwin 0-0: Swinging Strike
0-1: Fly out, F8 (Flyball, 89M, EV 86.3 MPH)
Batting: RHB Tony Bórquez 0-0: Called Strike
0-1: Swinging Strike
0-2: Ball
1-2: Foul Ball, location: 25F
1-2: Strikes out swinging
Bottom of the 3rd over - 0 runs, 0 hits, 0 errors, 0 left on base; Boston 0 - New York (A) 0
TOP OF THE 4TH
Boston Red Sox batting - Pitching for New York (A) Yankees : RHP Ed Carr
Batting: RHB José Morales 0-0: Foul Ball, location: 5SF
0-1: Swinging Strike
0-2: Ball
1-2: Foul Ball, location: 2F
1-2: Ball
2-2: Strikes out swinging
Batting: LHB Derek Orby 0-0: Ball
1-0: Foul Ball, location: 9LDF
1-1: Foul Ball, location: 23F
1-2: Ball
2-2: SINGLE (Line Drive, 4M, EV 103.1 MPH)
Batting: RHB António Negrón 0-0: Swinging Strike
0-1: Ball
1-1: Swinging Strike
1-2: Strikes out swinging
Batting: LHB Abel Scott 0-0: Ball
1-0: Foul Ball, location: 25FF
1-1: Ball
2-1: Called Strike
2-2: Ground out 4-3 (Groundball, 4, EV 103.1 MPH)
Top of the 4th over - 0 runs, 1 hit, 0 errors, 1 left on base; Boston 0 - New York (A) 0
BOTTOM OF THE 4TH
New York (A) Yankees batting - Pitching for Boston Red Sox : RHP Shawn Garner
Batting: LHB Derek Allen 0-0: Fly out, F8 (Flyball, 8LM, EV 91.9 MPH)
Batting: LHB Bob Armstrong 0-0: Called Strike
0-1: Ball
1-1: Swinging Strike
1-2: Foul Ball, location: 2F
1-2: DOUBLE (Line Drive, 8LXD, EV 110.0 MPH)
Batting: SHB Rodrigo López 0-0: Called Strike
0-1: Ball
1-1: Ball
2-1: Foul Ball, location: 2F
2-2: Foul Ball, location: 2F
2-2: Hit by Pitch
Batting: RHB Gene Russell 0-0: Foul Ball, location: 2F
0-1: Ball
1-1: Fly out, F8 (Flyball, 8RXD, EV 100.6 MPH)
Runner from 2nd tags up, SAFE at 3rd, no throw by CF
Batting: RHB Juan Colón 0-0: Ball
1-0: Called Strike
1-1: Ground out 4-3 (Groundball, 34, EV 90.0 MPH)
Bottom of the 4th over - 0 runs, 1 hit, 0 errors, 2 left on base; Boston 0 - New York (A) 0
TOP OF THE 5TH
Boston Red Sox batting - Pitching for New York (A) Yankees : RHP Ed Carr
Now at 2B: Cris Ruíz
Now at 3B: Ron Washington
Now at SS: Benjamim Futscher
Now in LF: Esteban Morán
Batting: RHB Juan Ávila 0-0: Called Strike
0-1: Foul Ball, location: 3SF
0-2: Foul Ball, location: 2F
0-2: Foul Ball, location: 2F
0-2: Ball
1-2: Strikes out swinging
Batting: LHB Erwin Broomhead 0-0: Called Strike
0-1: Foul Ball, location: 23F
0-2: Foul Ball, location: 2F
0-2: Ground out 4-3 (Groundball, 34, EV 106.9 MPH)
Batting: RHB Juan Serrato 0-0: Called Strike
0-1: Ball
1-1: Called Strike
1-2: Ball
2-2: Strikes out swinging
Top of the 5th over - 0 runs, 0 hits, 0 errors, 0 left on base; Boston 0 - New York (A) 0
BOTTOM OF THE 5TH
New York (A) Yankees batting - Pitching for Boston Red Sox : RHP Shawn Garner
Now at 1B: Chris McClellan
Now at 3B: Víctor Martínez
Now in LF: José Maestas
Now in CF: Doug Rush
Now in RF: Raúl Van Eaton
Batting: RHB Benjamim Futscher 0-0: Called Strike
0-1: Fly out, F8 (Flyball, 89S, EV 83.1 MPH)
Batting: RHB Sandro Ayala 0-0: Ground out 6-3 (Groundball, 6M, EV 100.0 MPH)
Batting: RHB Cris Ruíz 0-0: Ball
1-0: Ball
2-0: Foul Ball, location: 7LDF
2-1: Fly out, F7 (Flyball, 7, EV 93.1 MPH)
Bottom of the 5th over - 0 runs, 0 hits, 0 errors, 0 left on base; Boston 0 - New York (A) 0
TOP OF THE 6TH
Boston Red Sox batting - Pitching for New York (A) Yankees : RHP Ed Carr
Pitching: RHP Waylon Carbajal
Now at 1B: Doug Cunningham
Batting: RHB Eric Taylor 0-0: Fly out, F3 (Popup, 3SF, EV 83.1 MPH)
Batting: RHB Raúl Van Eaton 0-0: Called Strike
0-1: Fly out, F9 (Flyball, 9LM, EV 95.6 MPH)
Batting: LHB Chris McClellan 0-0: Called Strike
0-1: SINGLE (Groundball, 4MD, EV 103.1 MPH)
Batting: LHB Doug Rush 0-0: Called Strike
0-1: Ball
1-1: Ball
Chris McClellan steals 2nd base
2-1: Ball
3-1: Base on Balls
Pinch Hitting: RHB Ron Walker 0-0: Ball
1-0: Swinging Strike
1-1: Called Strike
1-2: Foul Ball, location: 23F
1-2: Ball
2-2: Strikes out looking
Top of the 6th over - 0 runs, 1 hit, 0 errors, 2 left on base; Boston 0 - New York (A) 0
BOTTOM OF THE 6TH
New York (A) Yankees batting - Pitching for Boston Red Sox : RHP Shawn Garner
Now at 2B: Ron Walker
Batting: LHB Esteban Morán 0-0: Called Strike
0-1: Ball
1-1: Fly out, F8 (Line Drive, 8RS, EV 93.8 MPH)
Pinch Hitting: LHB Spike Robbins 0-0: Ball
1-0: Foul Ball, location: 7LDF
1-1: Ball
2-1: Ball
3-1: Base on Balls
Pinch Hitting: RHB Walt Gardner 0-0: Grounds into double play, 6-4-3 (Groundball, 6, EV 86.3 MPH)
Bottom of the 6th over - 0 runs, 0 hits, 0 errors, 0 left on base; Boston 0 - New York (A) 0
TOP OF THE 7TH
Boston Red Sox batting - Pitching for New York (A) Yankees : RHP Waylon Carbajal
Pitching: LHP Nelson Acosta
Now at C: Johnny Sherman
Now in CF: Walt Gardner
Now in RF: Spike Robbins
Batting: SHB Víctor Martínez 0-0: Called Strike
0-1: Ball
1-1: Called Strike
1-2: Ball
2-2: Foul Ball, location: 2F
2-2: Ground out 3-1 (Groundball, 34S, EV 90.6 MPH)
Batting: LHB José Maestas 0-0: Called Strike
0-1: Ground out 4-3 (Groundball, 4, EV 86.9 MPH)
Batting: SHB Rubén Díaz 0-0: Foul Ball, location: 9LDF
0-1: SINGLE (Groundball, 34D, EV 95.6 MPH)
Batting: RHB Juan Serrato 0-0: Foul Ball, location: 2RF
0-1: Ground out U3 (Groundball, 3, EV 99.4 MPH)
Top of the 7th over - 0 runs, 1 hit, 0 errors, 1 left on base; Boston 0 - New York (A) 0
BOTTOM OF THE 7TH
New York (A) Yankees batting - Pitching for Boston Red Sox : RHP Shawn Garner
Pitching: LHP Jesús Cruz
Batting: LHB Doug Cunningham 0-0: Ball
1-0: Called Strike
1-1: Foul Ball, location: 2F
1-2: Strikes out swinging
Batting: LHB David Cedeño 0-0: Ball
1-0: Called Strike
1-1: Foul Ball, location: 2F
1-2: Foul Ball, location: 9LDF
1-2: Strikes out swinging
Batting: RHB Ron Washington 0-0: Ball
1-0: Ball
2-0: Ball
3-0: Base on Balls
Batting: RHB Benjamim Futscher 0-0: Called Strike
0-1: Ball
1-1: Swinging Strike
1-2: Strikes out swinging
Bottom of the 7th over - 0 runs, 0 hits, 0 errors, 1 left on base; Boston 0 - New York (A) 0
TOP OF THE 8TH
Boston Red Sox batting - Pitching for New York (A) Yankees : LHP Nelson Acosta
Pitching: RHP Jim Yates
Batting: RHB Eric Taylor 0-0: Foul Ball, location: 2F
0-1: Foul Ball, location: 2F
0-2: Strikes out swinging
Batting: RHB Raúl Van Eaton 0-0: Fly out, F8 (Flyball, 8RXD, EV 94.4 MPH)
Batting: LHB Chris McClellan 0-0: Called Strike
0-1: Swinging Strike
0-2: SINGLE (Groundball, 56D, EV 107.5 MPH)
Batting: LHB Doug Rush 0-0: Ball
1-0: Called Strike
1-1: Ball
2-1: Foul Ball, location: 2F
2-2: Foul Ball, location: 2F
2-2: Ball
3-2: Foul Ball, location: 5SF
3-2: Base on Balls
Chris McClellan to second
Batting: RHB Ron Walker 0-0: Ball
1-0: SINGLE (Groundball, 56S, EV 55.6 MPH) (infield hit)
Chris McClellan to third
Doug Rush to second
Batting: SHB Víctor Martínez 0-0: Fly out, F8 (Flyball, 89D, EV 103.8 MPH)
Top of the 8th over - 0 runs, 2 hits, 0 errors, 3 left on base; Boston 0 - New York (A) 0
BOTTOM OF THE 8TH
New York (A) Yankees batting - Pitching for Boston Red Sox : LHP Jesús Cruz
Batting: RHB Johnny Sherman 0-0: Called Strike
0-1: Foul Ball, location: 9LSF
0-2: Strikes out swinging
Batting: RHB Cris Ruíz 0-0: Ball
1-0: Called Strike
1-1: Ball
2-1: Foul Ball, location: 9LSF
2-2: Strikes out swinging, 2-3 out at first.
Pinch Hitting: RHB Alex Willis 0-0: Ball
1-0: Foul Ball, location: 2F
1-1: Called Strike
1-2: DOUBLE (Line Drive, 78D, EV 98.1 MPH)
Batting: LHB Spike Robbins 0-0: Foul Ball, location: 3F
0-1: Fly out, F9 (Line Drive, 89M, EV 88.8 MPH)
Bottom of the 8th over - 0 runs, 1 hit, 0 errors, 1 left on base; Boston 0 - New York (A) 0
TOP OF THE 9TH
Boston Red Sox batting - Pitching for New York (A) Yankees : RHP Jim Yates
Pitching: RHP Norm Collins
Now in LF: Josh Jones
Batting: LHB José Maestas 0-0: Ball
1-0: Ball
2-0: SINGLE (Line Drive, 34D, EV 98.1 MPH)
Batting: SHB Rubén Díaz 0-0: Sac Bunt to 3S - play at first, batter OUT! 3-1
José Maestas to second
Batting: RHB Juan Serrato 0-0: Called Strike
0-1: Foul Ball, location: 2F
0-2: Foul Ball, location: 23F
0-2: Ball
1-2: Strikes out swinging
Pinch Hitting: RHB Ignacio Villalobos 0-0: Called Strike
0-1: Ground out 4-3 (Groundball, 4, EV 93.1 MPH)
Top of the 9th over - 0 runs, 1 hit, 0 errors, 1 left on base; Boston 0 - New York (A) 0
BOTTOM OF THE 9TH
New York (A) Yankees batting - Pitching for Boston Red Sox : LHP Jesús Cruz
Pitching: LHP Erik Guy
Now at C: Ignacio Villalobos
Batting: RHB Walt Gardner 0-0: Foul Ball, location: 9LDF
0-1: Ball
1-1: Ball
2-1: DOUBLE (Groundball, 5L, EV 98.1 MPH)
Batting: LHB Doug Cunningham 0-0: SINGLE (Groundball, 4MD, EV 104.4 MPH)
Walt Gardner to third
Batting: LHB David Cedeño 0-0: Fly out, F8 (Flyball, 8LD, EV 96.9 MPH)
Runner from 3rd tags up, SCORES, throw by CF
Bottom of the 9th over - 1 run, 2 hits, 0 errors, 1 left on base; Boston 0 - New York (A) 1
Wednesday, May 1st , 2024 - OOTP Baseball 24.10 Build 82